 Dungeon Crawl Stone Soup version 0.29-a0-887-gcbe080d7e0 (webtiles) character file.

Game seed: 3804562096186624429

120653 Mesmaeker13 the Warrior (level 16, -20/176 HPs)
             Began as an Ogre Summoner on July 21, 2022.
             Was the Champion of Cheibriados.
             Demolished by a merfolk
             ... wielding a +0 trident
              (60 damage)
             ... on level 3 of the Shoals.
             The game lasted 01:29:33 (39002 turns).

Mesmaeker13 the Warrior (Ogre Summoner)            Turns: 39002, Time: 01:29:34

Health: -20/176    AC: 14    Str: 35    XL:     16   Next: 82%
Magic:  1/27       EV:  1    Int: 36    God:    Cheibriados [******]
Gold:   1001       SH:  0    Dex: 24    Spells: 3/29 levels left

rFire   + + +      SeeInvis .   p - +7 great mace "Firestarter" {inner flame, rF++}
rCold   . . .      Faith    .   (shield currently unavailable)
rNeg    . . .      Spirit   .   G - +0 fire dragon scales
rPois   .          Reflect  +   k - +1 hat
rElec   .          Harm     .   t - +0 cloak {Stlth+}
rCorr   +          Rampage  .   (gloves unavailable)
Will    ++...                   (boots unavailable)
Stlth   ++........              C - amulet of reflection
HPRegen 0.39/turn               F - ring of protection from cold
MPRegen 0.20/turn               x - ring of Qudaheyrgh {Will+ rCorr Int+3}

@: sleeping, very slow
A: large, unfitting armour, tough skin 1
a: Renounce Religion, Bend Time, Temporal Distortion, Slouch, Step From Time


You were on level 3 of the Shoals.
You worshipped Cheibriados.
Cheibriados was exalted by your worship.
You visited 6 branches of the dungeon, and saw 27 of its levels.
You visited 1 bazaar.

You collected 3299 gold pieces.
You spent 2298 gold pieces at shops.

Inventory:

Hand Weapons
 p - the +7 great mace "Firestarter" (weapon) {inner flame, rF++}
   (You found it on level 5 of the Lair of Beasts)

   It burns those it strikes, dealing additional fire damage.
   It fills those it strikes with an explosive inner flame.
   It grants immunity to clouds of flame.
   rF:        It greatly protects you from fire.
Missiles
 o - 3 curare-tipped darts (quivered)
 y - a throwing net
Armour
 a - the +1 tower shield of Understanding {rPois}
   (You found it on level 14 of the Dungeon)

   rPois:     It protects you from poison.
 k - a +1 hat (worn)
 t - a +0 cloak of stealth (worn)
 G - +0 fire dragon scales (worn)
Jewellery
 m - a +4 ring of protection
 x - the ring of Qudaheyrgh (right hand) {Will+ rCorr Int+3}
   (You bought it in a shop in a bazaar)

   [ring of willpower]

   Int:       It affects your intelligence (+3).
   rCorr:     It protects you from acid and corrosion.
   Will:      It increases your willpower.
 B - an amulet of regeneration
 C - an amulet of reflection (around neck)
 F - a ring of protection from cold (left hand)
 J - a +6 ring of intelligence
Wands
 c - a wand of charming (2)
 e - a wand of roots (2)
 u - a wand of flame (27)
Scrolls
 d - 4 scrolls of vulnerability
 f - 5 scrolls of noise
 g - 4 scrolls of immolation
 h - a scroll of silence
 l - 5 scrolls of poison
 r - a scroll of magic mapping
 z - 2 scrolls of teleportation
 H - 7 scrolls of fog
 M - 4 scrolls of blinking
Potions
 b - 4 potions of magic
 j - 5 potions of lignification
 n - 5 potions of flight
 q - 3 potions of cancellation
 s - 3 potions of heal wounds
 v - 2 potions of curing
 w - a potion of berserk rage {unknown}
 E - 2 potions of mutation
 L - 3 potions of invisibility
 O - 2 potions of might
 P - 2 potions of brilliance
 Q - 2 potions of attraction {unknown}
 R - a potion of ambrosia
Miscellaneous
 i - a phial of floods
 K - a tin of tremorstones (2/2)


   Skills:
 + Level 15.2 Fighting
 + Level 9.9 Maces & Flails
 - Level 8.6 Armour
 - Level 8.4 Dodging
 - Level 1.4 Stealth
 + Level 7.3 Spellcasting
 - Level 4.5 Hexes
 + Level 14.0 Summonings
 - Level 9.1 Air Magic
 - Level 5.0 Earth Magic
 + Level 13.4 Invocations


You had 3 spell levels left.
You knew the following spells:

 Your Spells              Type           Power      Damage    Failure   Level
a - Monstrous Menagerie   Summ           42%        N/A       16%         7
b - Summon Mana Viper     Hex/Summ       68%        N/A       3%          5
c - Call Canine Familiar  Summ           85%        N/A       1%          3
d - Summon Guardian Gole  Hex/Summ       68%        N/A       1%          3
e - Summon Lightning Spi  Summ/Air       77%        N/A       1%          4
f - Animate Armour        Summ/Erth      100%       N/A       1%          4

Your spell library contained the following spells:

 Spells                   Type           Power      Damage    Failure   Level
 Shock                    Conj/Air       100%       1d9       1%          1
 Summon Small Mammal      Summ           100%       N/A       1%          1
 Call Imp                 Summ           85%        N/A       1%          2
 Poisonous Vapours        Pois/Air       92%        N/A       1%          2
 Static Discharge         Conj/Air       46%        3-9/arc   1%          2
 Swiftness                Air            68%        N/A       1%          3
 Confusing Touch          Hex            46%        N/A       2%          3
 Tukima's Dance           Hex            46%        N/A       2%          3
 Mephitic Cloud           Conj/Pois/Air  35%        N/A       4%          3
 Beastly Appendage        Tmut           26%        N/A       6%          1
 Foxfire                  Conj/Fire      52%        2x1d6     6%          1
 Freeze                   Ice            52%        1d7       6%          1
 Magic Dart               Conj           52%        1d5       6%          1
 Necrotise                Necr           52%        1d6       6%          1
 Stone Arrow              Conj/Erth      62%        3d10      6%          3
 Dazzling Flash           Conj/Hex       58%        N/A       7%          3
 Inner Flame              Hex/Fire       29%        N/A       7%          3
 Portal Projectile        Hex/Tloc       58%        N/A       7%          3
 Searing Ray              Conj           26%        2d5       9%          2
 Sublimation of Blood     Necr           13%        N/A       9%          2
 Wereblood                Tmut           13%        N/A       9%          2
 Conjure Flame            Conj/Fire      13%        6-21      17%         3
 Frozen Ramparts          Ice            26%        1d4       17%         3
 Gell's Gravitas          Tloc           13%        N/A       17%         3
 Ignite Poison            Fire/Tmut/Pois 13%        N/A       17%         3
 Lesser Beckoning         Tloc           13%        N/A       17%         3
 Ozocubu's Armour         Ice            13%        N/A       17%         3
 Spider Form              Tmut/Pois      13%        N/A       17%         3
 Teleport Other           Tloc           13%        N/A       17%         3
 Vampiric Draining        Necr           13%        2d6       17%         3
 Airstrike                Air            34%        0-11+     1%          4
 Summon Ice Beast         Ice/Summ       59%        N/A       3%          4
 Cause Fear               Hex            23%        N/A       9%          4
 Corpse Rot               Necr/Pois/Air  35%        N/A       17%         4
 Petrify                  Tmut/Erth      31%        N/A       21%         4
 Freezing Cloud           Conj/Ice/Air   17%        6-21      43%         5
 Dispel Undead            Necr           13%        3d9       50%         4
 Flame Wave               Conj/Fire      13%        2d6       50%         4
 Hailstorm                Conj/Ice       13%        3d5       50%         4
 Iskenderun's Mystic Bla  Conj/Tloc      13%        2d5       50%         4
 Sticky Flame             Conj/Fire      13%        2d4       50%         4
 Yara's Violent Unravell  Hex/Tmut       14%        3d7       54%         5
 Agony                    Necr           13%        N/A       85%         5
 Blade Hands              Tmut           6%         N/A       85%         5
 Irradiate                Conj/Tmut      6%         3d13      85%         5
 Dispersal                Tloc           6%         N/A       100%        6
 Starburst                Conj/Fire      6%         6d4       100%        6
 Dragon Form              Tmut           6%         N/A       100%        7
 Enfeeble                 Hex            23%        N/A       100%        7
 Ozocubu's Refrigeration  Ice            6%         4d6       100%        7
 Storm Form               Tmut/Air       23%        N/A       100%        7
 Lehudib's Crystal Spear  Conj/Erth      15%        10d5      100%        8
 Maxwell's Capacitive Co  Air            34%        ∞         100%        8
 Dragon's Call            Summ           42%        N/A       100%        9
 Fire Storm               Conj/Fire      6%         8d2       100%        9


Dungeon Overview and Level Annotations

Branches:
Dungeon (15/15)            Temple (1/1) D:7            Lair (5/5) D:8
 Shoals (3/4) Lair:2        Snake (1/4) Lair:2        Slime (0/5) Lair:4
    Orc (2/2) D:11            Elf (0/3) Orc:2        Vaults (0/5) D:14
 Depths (0/4) D:15

Altars:
Ashenzari
Cheibriados
Dithmenos
Elyvilon
Fedhas
Gozag
Hepliaklqana
Kikubaaqudgha
Makhleb
Nemelex Xobeh
Okawaru
Qazlal
Ru
Sif Muna
Trog
Uskayaw
Vehumet
Wu Jian
Xom
Yredelemnul
Zin
The Shining One
Jiyva

Shops:
D:5 *   D:6 *   D:7 !   D:11 ?   D:13 [   Orc:2 ([*:

Portals:
Trove: D:10 (give +2 fire dragon scales)

Annotations:
D:5 2 transporters, qborf's ghost, novice DEFE
D:12 2 transporters
Lair:2 4 runed translucent doors, Xoff's ghost, journeyman GnHW
Lair:4 Rupert
Shoals:2 2 transporters, p0werm0de's ghost, adept FoFi
Orc:2 2 transporters, wilfster70's ghost, journeyman MiFi


Innate Abilities, Weirdness & Mutations

You are too large for most types of armour.
You have tough skin. (AC +1)


Message History

Confirm with . or Enter, or press ? or * to list all spells.
An electric hum fills the air.
The merfolk throws a boomerang.
The boomerang closely misses you.
Unknown command.
What are your orders? t - Shout!
Orders for allies: a - Attack new target. r - Retreat! s - Stop attacking. g - Guard the area. f - Follow me.
Anything else - Cancel.
Gang up on whom?
Press: ? - help, Dir - move target, f - merfolk aquamancer
Aim: a merfolk aquamancer, wielding a +0 rapier of holy wrath and wearing a +0 robe (ally target) Attack!
A merfolk aquamancer comes into view. It is wielding a +0 rapier.
Unknown command.
Okay, then.
You step out of the flow of time.
You return to the normal time flow.
A dream sheep comes into view.
You enter the shallow water.
Moving in this stuff is going to be slow.
The dream sheep bleats!
The merfolk shouts!
The merfolk throws a boomerang.
The boomerang barely misses you.
Unknown command.
You warp the flow of time around you!
Unknown command.
The dream sheep bleats!
The merfolk shouts!
The merfolk hits you with a +0 trident!
* * * LOW HITPOINT WARNING * * *
The dream sheep bites you but does no damage.
The dream sheep ruffle their wool and motes of dream dust sparkle, to no effect.
The merfolk hits you with a +0 trident!
* * * LOW HITPOINT WARNING * * *
The dream sheep ruffle their wool and motes of dream dust sparkle, to no effect.
The merfolk barely misses you.
The dream sheep shake their wool and sparkle.
You feel drowsy...
You fall asleep.
The dream sheep splashes around in the water.
The merfolk hits you with a +0 trident!!!
You die...

≈≈≈≈≈...# ##..≈.......
≈≈≈≈≈≈≈..####...≈≈..≈≈.≈
≈≈≈≈≈≈≈≈≈....≈..≈≈≈≈≈≈≈≈
≈≈≈≈≈≈≈≈≈≈≈..≈≈≈≈≈≈≈≈≈≈≈
≈≈≈≈≈≈≈≈≈≈≈..≈≈≈≈≈≈≈≈≈≈≈
≈≈≈≈≈≈≈≈≈....≈≈≈≈≈≈≈≈≈≈≈
≈≈≈≈≈≈≈≈≈≈..≈≈≈≈≈≈≈≈≈≈≈≈
≈≈≈≈≈≈≈≈≈Y≈≈≈≈≈≈≈≈≈≈≈≈≈≈
≈≈...≈≈)≈Y@≈≈≈≈≈≈≈...
≈..#..≈))≈m.≈≈≈≈≈≈..
#...≈≈≈≈.≈≈≈≈≈≈.
.......≈≈≈≈≈≈≈≈≈≈..
......≈≈....≈≈....
≈....≈≈≈.##...##..
..#..≈≈... .≈.# ..
≈.#.^).... ≈≈...
.......≈≈≈...≈.


You could see a merfolk and 2 dream sheep.

Vanquished Creatures
  Jorgrun (D:15)
  Frances (Shoals:1)
  An orc warlord (Orc:2)
  Nessos (Orc:2)
  A fire dragon (D:13)
  A great orb of eyes (D:15)
  2 hydras
  2 merfolk impalers (Shoals:1)
  A rakshasa (D:15)
  A boulder beetle (D:12)
  A merfolk avatar (Shoals:3)
  A death yak (Lair:5)
  A tengu warrior (D:14)
  4 centaur warriors
  2 two-headed ogres
  4 sea snakes
  2 wizards (D:14)
  3 necromancers (D:14)
  A nameless horror (Shoals:1)
  A deep elf archer (D:14)
  A lindwurm (Lair:5)
  3 orc knights
  12 harpies
  3 deep elf pyromancers
  4 orc sorcerers (Orc:2)
  6 manticores
  4 fauns (Shoals:2)
  7 ugly things
  2 cyclopes (D:13)
  3 elephants
  3 merfolk sirens
  4 water nymphs
  3 black mambas
  An unseen horror (D:10)
  A cane toad (shapeshifter) (D:15)
  A cane toad (Lair:5)
  A yaktaur (D:15)
  An efreet (D:14)
  A komodo dragon (D:12)
  6 merfolk
  A polar bear (Lair:3)
  A merfolk (shapeshifter) (D:15)
  4 trolls
  2 wind drakes (Shoals:2)
  4 blink frogs
  Grinder (D:3)
  2 snapping turtles (Shoals:1)
  13 slime creatures
  8 water elementals
  18 humans (D:14)
  2 basilisks
  7 yaks
  4 wyverns
  3 vampire mosquitoes
  4 wargs
  An ice beast (D:5)
  13 orc warriors
  7 ogres
  2 wolves (Lair:1)
  7 centaurs
  3 bullfrogs
  4 wights
  A howler monkey (D:10)
  6 hounds
  5 orc priests
  6 orc wizards
  A gnoll (D:8)
  6 adders
  A white imp (D:7)
  An ufetubus (D:6)
  5 dart slugs
  23 orcs
  6 ball pythons
  4 endoplasms
  5 giant cockroaches
  9 hobgoblins
  8 kobolds
  2 quokkas
  3 bats
  2 frilled lizards (D:3)
  14 goblins
  3 rats
321 creatures vanquished.

Vanquished Creatures (collateral kills)
  A very ugly thing (D:15)
  A dire elephant (Lair:5)
  2 merfolk javelineers
  7 hydras
  An ogre mage (D:15)
  2 two-headed ogres
  3 catoblepae
  A boulder beetle (D:13)
  A satyr (Shoals:2)
  An orc high priest (Orc:2)
  7 death yaks (Lair:5)
  Amaemon (Lair:1)
  A sea snake (Shoals:2)
  Pikel (D:8)
  2 orc knights (Orc:2)
  A cyclops (D:15)
  3 fauns
  7 manticores
  A merfolk siren (Shoals:3)
  7 elephants
  Maurice (Orc:2)
  5 black mambas
  2 torpor snails (Lair:5)
  A water nymph (Shoals:2)
  A gargoyle (D:10)
  An orange demon (Lair:1)
  An unseen horror (D:12)
  13 cane toads
  Psyche (D:10)
  5 komodo dragons
  3 rime drakes
  7 slime creatures
  A wind drake (Lair:2)
  2 polar bears (Lair:2)
  24 blink frogs
  10 dream sheep
  2 snapping turtles (Shoals:3)
  A vampire (D:11)
  23 yaks
  6 wyverns
  A hog (Lair:5)
  3 basilisks
  3 vampire mosquitoes (D:10)
  A steam dragon (D:9)
  2 wargs (Orc:2)
  11 water moccasins
  2 acid dragons
  10 orc warriors
  6 wolves
  4 centaurs (D:13)
  2 ogres
  2 lemures (D:8)
  A phantom (D:4)
  A kobold brigand (D:6)
  8 bullfrogs
  A scorpion (D:6)
  3 wights
  A killer bee (D:8)
  A nameless horror (Lair:2)
  5 howler monkeys
  5 jellies
  4 orc priests
  8 orc wizards
  Robin (D:2)
  4 gnolls
  A white imp (D:6)
  3 worms
  18 orcs
  An endoplasm (D:2)
  A giant cockroach (D:1)
  4 goblins
  3 hobgoblins (D:2)
  2 quokkas
  A ball python (D:3)
  2 bats
  5 kobolds (D:6)
  A rat (D:1)
  A butterfly (D:7)
294 creatures vanquished.

Vanquished Creatures (others)
  Kirke (Lair:5)
  2 hydras
  A satyr (Shoals:3)
  A two-headed ogre (D:12)
  A boulder beetle (D:11)
  A death yak (Lair:5)
  A death knight (D:14)
  A centaur warrior (D:13)
  A faun (Shoals:3)
  An elephant (Lair:5)
  A hornet (D:8)
  A slime creature (D:12)
  A blink frog (Lair:5)
  6 yaks
  3 hogs (Lair:5)
  An orc warrior (Orc:2)
  2 wolves (Lair:1)
  A centaur (D:13)
  A lemure (D:8)
  A gnoll sergeant (D:8)
  2 wights
  2 killer bees (D:8)
  An orc wizard (D:10)
  2 gnolls (D:5)
  An ufetubus (D:6)
  An orc (D:5)
  A bush (Lair:5)
  45 fungi
  112 plants
  4 tentacles (Shoals:3)
200 creatures vanquished.

Grand Total: 815 creatures vanquished

Notes
Turn   | Place    | Note
-------+----------+-------------------------------------------
     0 | D:1      | Mesmaeker13 the Ogre Summoner began the quest for the Orb.
     0 | D:1      | Reached XP level 1. HP: 16/16 MP: 3/3
   601 | D:1      | Reached XP level 2. HP: 24/24 MP: 5/5
   877 | D:1      | Found a faded altar of an unknown god.
  1740 | D:2      | Reached XP level 3. HP: 29/31 MP: 4/6
  1804 | D:2      | Found a hide-covered altar of Uskayaw.
  2193 | D:2      | Learned a level 2 spell: Call Imp
  2727 | D:2      | Reached XP level 4. HP: 39/39 MP: 7/7
  3147 | D:3      | Learned a level 3 spell: Call Canine Familiar
  3184 | D:3      | Reached XP level 5. HP: 26/45 MP: 4/8
  3537 | D:3      | Noticed Robin
  3560 | D:2      | Killed Robin
  3895 | D:3      | Reached skill level 5 in Summonings
  4507 | D:3      | Noticed Grinder
  4717 | D:4      | Reached XP level 6. HP: 46/53 MP: 6/9
  4996 | D:4      | Learned a level 3 spell: Summon Guardian Golem
  5336 | D:4      | Reached skill level 1 in Hexes
  5634 | D:5      | Entered Level 5 of the Dungeon
  5877 | D:5      | Reached XP level 7. HP: 52/59 MP: 4/10
  6079 | D:5      | Reached skill level 5 in Dodging
  6777 | D:5      | Reached XP level 8. HP: 47/67 MP: 5/11
  6904 | D:5      | Found Bemm's Assorted Antiques.
  6911 | D:5      | Bought a runed robe for 85 gold pieces
  7404 | D:5      | Noticed qborf's ghost (novice DEFE)
  7405 | D:5      | Found a transporter.
  7405 | D:5      | Found a transporter.
  8675 | D:6      | Found a shadowy altar of Dithmenos.
  8676 | D:6      | Found a blossoming altar of Fedhas.
  8678 | D:6      | Found a shimmering altar of Xom.
  8895 | D:6      | Found Zorulomy's Assorted Antiques.
  8910 | D:6      | Bought a cloak for 76 gold pieces
  9002 | D:7      | Found a staircase to the Ecumenical Temple.
  9040 | Temple   | Entered the Ecumenical Temple
  9276 | D:7      | Found Qunuaz Baav's Distillery.
  9871 | D:7      | Learned a level 4 spell: Summon Lightning Spire
  9983 | D:7      | Reached skill level 1 in Air Magic
  9983 | D:7      | Reached XP level 9. HP: 30/72 MP: 7/13
 10751 | D:3      | Paralysed by Grinder for 3 turns
 10768 | D:3      | Killed Grinder
 10995 | D:8      | Noticed a hornet
 11016 | D:8      | Killed a hornet
 11577 | D:8      | Found a bloodstained altar of Trog.
 11647 | D:8      | Noticed Pikel
 11667 | D:8      | Killed Pikel
 11789 | D:8      | Found a basalt altar of Yredelemnul.
 11830 | D:8      | Found a staircase to the Lair.
 12323 | D:9      | Reached XP level 10. HP: 81/81 MP: 9/14
 13133 | D:9      | Reached skill level 5 in Air Magic
 13492 | D:10     | Entered Level 10 of the Dungeon
 13684 | D:10     | Reached skill level 1 in Fighting
 13744 | D:10     | Reached skill level 1 in Armour
 13846 | D:10     | Noticed Psyche
 14194 | D:10     | Reached skill level 2 in Fighting
 14254 | D:10     | Found a portal to a secret trove of treasure.
 14309 | D:10     | Reached skill level 3 in Fighting
 14390 | D:10     | Noticed a gargoyle
 14415 | D:10     | Killed a gargoyle
 14551 | D:10     | Killed an unseen horror
 14552 | D:10     | Reached skill level 4 in Fighting
 14806 | D:10     | Found a sacrificial altar of Ru.
 14921 | Lair:1   | Entered Level 1 of the Lair of Beasts
 14921 | Lair:1   | Noticed a catoblepas
 14928 | Lair:1   | Reached XP level 11. HP: 93/100 MP: 15/15
 14942 | Lair:1   | Killed a catoblepas
 14944 | Lair:1   | Reached skill level 5 in Fighting
 15153 | Lair:1   | Reached skill level 10 in Summonings
 15466 | Lair:1   | Noticed a four-headed hydra
 15476 | Lair:1   | Killed a four-headed hydra
 15477 | Lair:1   | Reached skill level 6 in Fighting
 15651 | Lair:1   | Noticed Amaemon
 15657 | Lair:1   | Killed Amaemon
 15979 | Lair:1   | Reached skill level 7 in Fighting
 16012 | Lair:1   | Reached skill level 1 in Maces & Flails
 16496 | Lair:1   | Reached XP level 12. HP: 118/118 MP: 12/16
 16931 | D:5      | Bought a scroll of identify for 46 gold pieces
 16933 | D:5      | Identified a scroll of acquirement
 16933 | D:5      | Acquired a +4 ring of protection
 17607 | Lair:2   | Found a staircase to the Shoals.
 17631 | Lair:2   | Reached skill level 8 in Fighting
 17631 | Lair:2   | Reached skill level 5 in Armour
 17785 | Lair:2   | Found a staircase to the Snake Pit.
 18047 | Lair:2   | Noticed a minotaur
 18050 | Lair:2   | Noticed Xoff's ghost (journeyman GnHW)
 18478 | Lair:2   | Found a runed translucent door.
 18547 | Lair:2   | Found a runed translucent gate.
 18547 | Lair:2   | Found a runed translucent gate.
 18547 | Lair:2   | Found a runed translucent gate.
 19027 | Lair:3   | Noticed a five-headed hydra
 19028 | Lair:3   | Learned a level 4 spell: Animate Armour
 19146 | Lair:3   | Killed a five-headed hydra
 19147 | Lair:3   | Noticed a seven-headed hydra
 19180 | Lair:2   | Reached skill level 1 in Earth Magic
 19483 | Lair:3   | Reached skill level 9 in Fighting
 19633 | Lair:3   | Killed a seven-headed hydra
 20377 | D:10     | Noticed a two-headed ogre
 20388 | D:10     | Killed a two-headed ogre
 20712 | D:10     | Found a snail-covered altar of Cheibriados.
 20717 | D:10     | Became a worshipper of Cheibriados the Contemplative
 20909 | D:10     | Found an ancient bone altar of Kikubaaqudgha.
 20947 | D:10     | Reached XP level 13. HP: 118/131 MP: 7/17
 21055 | D:10     | Killed Psyche
 21257 | Lair:4   | Reached * piety under Cheibriados
 21460 | Lair:4   | Reached skill level 10 in Fighting
 21545 | Lair:4   | Found a staircase to the Slime Pits.
 21546 | Lair:4   | Found a viscous altar of Jiyva.
 21678 | Lair:4   | Reached skill level 5 in Maces & Flails
 21829 | Lair:4   | Reached ** piety under Cheibriados
 21941 | Lair:4   | Noticed Rupert
 22021 | Lair:5   | Entered Level 5 of the Lair of Beasts
 22253 | Lair:5   | Reached *** piety under Cheibriados
 22607 | Lair:5   | Reached skill level 1 in Invocations
 23079 | Lair:5   | Reached skill level 11 in Fighting
 23510 | Lair:5   | Reached XP level 14. HP: 127/146 MP: 14/18
 23943 | Lair:5   | Reached skill level 5 in Invocations
 24024 | Lair:5   | Noticed a dire elephant
 24050 | Lair:5   | Killed a dire elephant
 24051 | Lair:5   | Reached skill level 5 in Earth Magic
 24344 | Lair:5   | Reached **** piety under Cheibriados
 24577 | Lair:5   | Noticed Kirke
 24619 | Lair:5   | Killed Kirke
 25000 | Lair:5   | Got the Papyrus of Fiery Blows and Bruises
 25294 | Lair:5   | Acquired a book of Beasts
 25352 | Lair:5   | Reached skill level 12 in Fighting
 25448 | Lair:5   | Found the +7 great mace "Firestarter" {inner flame, rF++}
 25934 | D:11     | Found a staircase to the Orcish Mines.
 26959 | D:11     | Found Fydearum's Magic Scroll Shop.
 26962 | D:11     | Bought a scroll of acquirement for 780 gold pieces
 26963 | D:11     | Acquired 1087 gold pieces
 27247 | D:12     | Reached ***** piety under Cheibriados
 28051 | D:12     | Found a transporter.
 28063 | D:12     | Found a viscous altar of Jiyva.
 28063 | D:12     | Found a transporter.
 28184 | D:12     | Identified the +5 pair of boots of Pantheism {Fly rF- Will+
                  | Str+5}
 28523 | Orc:1    | Entered Level 1 of the Orcish Mines
 29189 | Orc:2    | Entered Level 2 of the Orcish Mines
 29206 | Orc:2    | Found Serih's Antique Armour Emporium.
 29450 | Orc:2    | Noticed an orc warlord
 29450 | Orc:2    | Found a staircase to the Elven Halls.
 29450 | Orc:2    | Found Jisixze's Book Shoppe.
 29451 | Orc:2    | Paralysed by an orc sorcerer for 4 turns
 29768 | Orc:2    | Reached XP level 15. HP: 132/158 MP: 11/21
 29786 | Orc:2    | Noticed Maurice
 29810 | Orc:2    | Killed Maurice
 29905 | Orc:2    | Found Botuur Diw's Antique Weapon Shop.
 29924 | Orc:2    | Found a flickering gateway to a bazaar.
 29934 | Bazaar   | Entered a bazaar
 29934 | Bazaar   | Found Ablinot's Antique Armour Emporium.
 29934 | Bazaar   | Found Rollibi's Jewellery Emporium.
 29935 | Bazaar   | Found Yvafe's Magic Scroll Shoppe.
 29935 | Bazaar   | Found Kifarin's General Store.
 29962 | Bazaar   | Bought an embroidered hat for 161 gold pieces
 29973 | Bazaar   | Bought the ring of Qudaheyrgh {Will+ rCorr Int+3} for 526
                  | gold pieces
 29982 | Bazaar   | Bought a scroll of acquirement for 624 gold pieces
 30020 | Orc:2    | Killed an orc warlord
 30400 | Orc:2    | Found Boag's General Store.
 30492 | Orc:2    | Found a transporter.
 30499 | Orc:2    | Noticed wilfster70's ghost (journeyman MiFi)
 30555 | Orc:2    | Found a transporter.
 30605 | Orc:2    | Noticed Nessos
 30626 | Orc:2    | Killed Nessos
 30627 | Orc:2    | Reached skill level 13 in Fighting
 31516 | D:11     | Acquired an amulet of regeneration
 31661 | D:13     | Found Etatoen's Superior Scales.
 32491 | D:14     | Reached skill level 10 in Invocations
 33097 | D:14     | Identified the +1 tower shield of Understanding {rPois}
 33438 | D:14     | Reached ****** piety under Cheibriados
 33475 | D:14     | Found a gate to the Vaults.
 33753 | D:15     | Entered Level 15 of the Dungeon
 34195 | D:15     | Found a broken altar of Ashenzari.
 34219 | D:15     | Noticed Jorgrun
 34228 | D:15     | Killed Jorgrun
 34289 | D:15     | Reached skill level 5 in Spellcasting
 34305 | D:15     | Reached skill level 14 in Fighting
 34321 | D:15     | Reached XP level 16. HP: 109/172 MP: 12/24
 35039 | D:15     | Found a staircase to the Depths.
 35510 | Snake:1  | Entered Level 1 of the Snake Pit
 35728 | Shoals:1 | Entered Level 1 of the Shoals
 36337 | Shoals:1 | Learned a level 7 spell: Monstrous Menagerie
 36343 | Shoals:1 | Learned a level 5 spell: Summon Mana Viper
 36719 | Shoals:1 | Noticed Frances
 36730 | Shoals:1 | Killed Frances
 37377 | Shoals:2 | Found a transporter.
 37382 | Shoals:2 | Found a transporter.
 37383 | Shoals:2 | Noticed p0werm0de's ghost (adept FoFi)
 37398 | Shoals:2 | Noticed a kraken
 37897 | Shoals:2 | Reached skill level 15 in Fighting
 39002 | Shoals:3 | Demolished by a merfolk

Illustrated notes

Levels and vault maps discovered:
D:1:      erik_arrival_orb_chamber, layout_basic,
          chequers_ecumenical_altar_simple_redux
D:2:      minmay_chambers_of_ones, layout_basic, basic_altar
D:3:      layout_loops_cross, uniq_robin, uniq_grinder
D:4:      layout_basic
D:5:      layout_gridville, serial_shops, nicolae_shop_hallway_plus,
          gammafunk_ghost_smash
D:6:      layout_loops_cross, gammafunk_temple_overflow_forgotten, serial_shops,
          nicolae_shop_behind_doors, minmay_pentangle
D:7:      layout_rooms, minmay_temple_entry_butterflies, serial_shops,
          nicolae_shop_temple_entry_statues_fountains
D:8:      layout_basic, mainiacjoe_overflow_alcove_1, bloody_trog,
          lair_entry_dummy, uniq_pikel
D:9:      nicolae_cairo_tiling_very_big, layout_stronghold
D:10:     layout_grid_maze, kennysheep_little_box, mainiacjoe_overflow_swirl,
          nicolae_trove_entry_crystal, uniq_psyche
D:11:     layout_small_grid, orc_0_dummy, serial_shops, kennysheep_mini_moat
D:12:     gammafunk_jiyva_shrine, layout_loops_ring
D:13:     layout_roguey, fungi_pond_lemuel, hellmonk_scale_shop
D:14:     layout_basic, grunt_vaults_entry_tiered, roderic_serpentine_path,
          kennysheep_generic_room_12
D:15:     gammafunk_enter_depths_forms, layout_irregular_city,
          ashenzari_conservatory_becter, uniq_jorgrun
Temple:   dpeg_chambers_temple
Lair:1:   layout_regular_city, beast_lair_carwin_5, uniq_amaemon
Lair:2:   gammafunk_indiana_jones, layout_cave_pods, minmay_shoals_entry_beasts,
          guppyfry_snake_entry_island, maelrawn_ghost_gauntlet_escape
Lair:3:   layout_loops_ring, minmay_stone_trees_small, wad_woods_river_01
Lair:4:   layout_cave_shapes, slime_entry_1, disabler_island, uniq_rupert
Lair:5:   hangedman_lair_in_review, layout_cave_pods, lemuel_fruit_fields,
          uniq_kirke
Shoals:1: layout_shoals, uniq_frances
Shoals:2: layout_shoals, ebering_ghost_davey_jones,
          nicolae_shoals_water_elemental_grotto
Shoals:3: layout_shoals
Snake:1:  layout_chambers, ebering_ghost_rock_garden
Orc:1:    layout_caves
Orc:2:    grunt_orc_gardens, layout_caves, grunt_orc_garden, grunt_orc_garden,
          grunt_orc_garden, grunt_orc_garden, gammafunk_ghost_stat_death,
          serial_shops, bzr_entry_islet, uniq_maurice, uniq_nessos

Skill      XL: |  1  2  3  4  5  6  7  8  9 10 11 12 13 14 15 16 |
---------------+-------------------------------------------------+-----
Dodging        | 2 3 4 5 6 7 8 |  8.4
Summonings     | 4 5 6 7 8 9 10 11 12 13 14 | 14.0
Hexes          | 1 3 4 |  4.5
Spellcasting   | 3 5 7 |  7.3
Air Magic      | 1 4 6 7 8 9 |  9.1
Fighting       | 4 7 9 11 12 14 15 | 15.2
Armour         | 2 4 5 7 8 |  8.6
Maces & Flails | 1 4 5 7 8 9 |  9.9
Earth Magic    | 2 4 5 |  5.0
Invocations    | 4 8 11 13 | 13.4
Stealth        | |  1.4

Action                   |  1- 3 |  4- 6 |  7- 9 | 10-12 | 13-15 | 16-18 || total
-------------------------+-------+-------+-------+-------+-------+-------++-------
Melee: Dagger            |   126 |   130 |       |       |       |       ||   256
       Unarmed           |     3 |       |       |       |       |       ||     3
       Punch             |     2 |     1 |     1 |     7 |     3 |       ||    14
       Whip              |       |    56 |    79 |       |       |       ||   135
       Flail             |       |       |   120 |   241 |   196 |       ||   557
       Great mace        |       |       |       |       |   242 |   147 ||   389
Throw: Dart              |     2 |     3 |     3 |       |     6 |       ||    14
 Cast: Summon Small Mamm |    37 |       |       |       |       |       ||    37
       Call Imp          |     1 |    10 |    12 |     2 |     1 |       ||    26
       Call Canine Famil |       |     9 |    43 |    30 |    26 |     2 ||   110
       Summon Guardian G |       |       |    12 |     4 |    36 |     8 ||    60
       Summon Lightning  |       |       |     8 |    66 |    76 |    21 ||   171
       Animate Armour    |       |       |       |     2 |    37 |    10 ||    49
       Monstrous Menager |       |       |       |       |       |     2 ||     2
Invok: Temporal Distorti |       |       |       |       |     2 |     2 ||     4
       Step From Time    |       |       |       |       |     1 |     4 ||     5
       Slouch            |       |       |       |       |     1 |       ||     1
Evoke: Wand              |       |     3 |    10 |    17 |    20 |     6 ||    56
  Use: Scroll            |       |     5 |     3 |     8 |    16 |     9 ||    41
       Potion            |       |       |     1 |     4 |    10 |     5 ||    20
 Stab: Distracted        |     1 |       |     3 |     7 |     8 |     4 ||    23
       Sleeping          |       |     1 |       |       |     4 |       ||     5
Armor: Robe              |    44 |    50 |    90 |       |       |       ||   184
       Steam dragon scal |       |       |     4 |    17 |       |       ||    21
       Acid dragon scale |       |       |       |   134 |   225 |       ||   359
       Fire dragon scale |       |       |       |       |    82 |    89 ||   171
Dodge: Dodged            |    79 |   106 |   146 |   165 |   406 |   177 ||  1079
Block: Other             |       |       |       |       |       |    17 ||    17
       Reflection        |       |       |       |       |       |     5 ||     5

Table legend: (Time is in decaauts)
 A = Elapsed time spent in this place.
 B = Non-inter-level travel time spent in this place.
 C = Inter-level travel time spent in this place.
 D = Time resting spent in this place.
 E = Time spent auto-exploring this place.
 F = Levels seen in this place.
 G = Mean time per level.
                   A        B        C        D        E       F      G
               +--------+--------+--------+--------+--------+-----+--------+
         Total |  46236 |  42986 |   3250 |  10364 |  23809 |  28 | 1651.3 |
       Dungeon |  26447 |  24248 |   2199 |   4442 |  15323 |  15 | 1763.1 |
        Temple |    226 |    204 |     22 |      0 |    191 |   1 |  226.0 |
          Lair |  11209 |  10505 |    704 |   2671 |   5894 |   5 | 2241.8 |
        Shoals |   4169 |   4085 |     84 |   1796 |    776 |   3 | 1389.7 |
     Snake Pit |    121 |    121 |      0 |      0 |     43 |   1 |  121.0 |
  Orcish Mines |   3938 |   3699 |    239 |   1454 |   1553 |   2 | 1969.0 |
        Bazaar |    123 |    123 |      0 |      0 |     28 |   1 |  123.0 |
               +--------+--------+--------+--------+--------+-----+--------+

Top non-repeatable levels by time:
  Lair:5: 4359 daAuts
  Lair:1: 2818 daAuts
    D:14: 2403 daAuts
     D:5: 2321 daAuts
    D:15: 2244 daAuts
    D:10: 2155 daAuts
   Orc:1: 2082 daAuts
    D:12: 2055 daAuts
Shoals:2: 2035 daAuts
  Lair:2: 1986 daAuts
     D:9: 1948 daAuts
    D:11: 1923 daAuts
   Orc:2: 1855 daAuts
     D:3: 1801 daAuts
Shoals:1: 1769 daAuts
